 Dungeon Crawl Stone Soup version 0.19-a0-829-g23a5e41 (webtiles) character file.

1169 Ordine the Sneak (level 8, -2/55 HPs)
             Began as an Octopode Monk on June 30, 2016.
             Killed from afar by an electric eel (13 damage)
             ... with a bolt of electricity
             ... on level 6 of the Dungeon.
             The game lasted 00:17:41 (4786 turns).

Ordine the Sneak (Octopode Monk)                    Turns: 4786, Time: 00:17:42

Health: -2/55      AC:  7    Str: 10    XL:     8   Next: 40%
Magic:  8/8        EV: 15    Int: 15    God:
Gold:   192        SH:  0    Dex: 14    Spells: 0 memorised, 7 levels left

rFire  . . .     SeeInvis .       - Unarmed
rCold  . . .     Gourm    .     (no shield)
rNeg   . . .     Faith    .     (helmet restricted)
rPois  .         Spirit   .     (no amulet)
rElec  .         Dismiss  .     c - +6 ring of protection
rCorr  .         Reflect  .     m - ring of sustain attributes
SustAt +         Harm     .     (no ring)
MR     .....                    (no ring)
Stlth  +++++.....               (no ring)
                                (no ring)
                                (no ring)
                                (no ring)

@: drained, not resistant to hostile enchantments, quite stealthy
A: almost no armour, amphibious, 8 rings, constrict 8, camouflage 1, gelatinous
body 1
a: no special abilities


You were on level 6 of the Dungeon.
You were not hungry.

You visited 1 branch of the dungeon, and saw 6 of its levels.

You collected 192 gold pieces.

Inventory:

Missiles
 b - 77 stones (quivered)
Jewellery
 c - a +6 ring of protection (left tentacle)
 m - a ring of sustain attributes (right tentacle)
Wands
 q - a wand of polymorph (12/24)
Scrolls
 i - 2 scrolls of amnesia
 k - 2 scrolls of remove curse
 l - a scroll of noise
 r - a scroll of enchant armour
Potions
 e - a potion of curing
 g - 2 potions of haste
 h - a potion of might
 n - a potion of brilliance
 u - a potion of heal wounds {unknown}
Comestibles
 a - 5 bread rations
 d - 3 meat rations
 f - 2 royal jellies
 j - a beef jerky
 o - a fruit
 p - 4 chunks of flesh
 s - a slice of pizza


   Skills:
 + Level 5.0(4.8) Fighting
 + Level 5.3(5.1) Dodging
 + Level 6.9(6.7) Stealth
 * Level 6.8(6.7) Unarmed Combat


You had 7 spell levels left.
You didn't know any spells.

Dungeon Overview and Level Annotations

Branches:
Dungeon (6/15)
 Temple: D:4-7

Altars:
Trog

Shops:
D:5 (


Innate Abilities, Weirdness & Mutations

You cannot wear most types of armour.
You are amphibious.
You can wear up to eight rings at the same time.
You can use your tentacles to constrict eight enemies at once.
Your skin changes colour to match your surroundings (Stealth+).
Your rubbery body absorbs attacks. (AC +1)


Message History

The electric eel shoots out a bolt of lightning at you!
The bolt of electricity hits you!
Found a stone staircase leading up.
You bludgeon the electric eel! Your grab misses the electric eel.
The electric eel is heavily wounded.
You closely miss the electric eel. Your grab misses the electric eel.
The electric eel is heavily wounded.
The electric eel shoots out a bolt of lightning at you!
The bolt of electricity misses you. The bolt of electricity hits you!
* * * LOW HITPOINT WARNING * * *
The bolt of electricity hits the electric eel.
The electric eel completely resists.
The bolt of electricity hits the electric eel.
The electric eel completely resists.
Unknown command.
You tentacle-slap the electric eel. Your grab misses the electric eel.
The electric eel is severely wounded.
The electric eel shoots out a bolt of lightning at you!
The bolt of electricity hits you!
You die...

#.........##
#......#+### #......# #
#......# # #......+ #
#### #......##### .....
########..........
<.....#......#..........
...?...@................
≈≈≈≈≈.≈;≈≈≈.≈≈≈≈≈.......
≈###≈.≈###≈.≈###≈.......
#≈.≈ #≈.≈# ≈.....## #≈.≈
#≈.≈# ≈..... ≈≈≈.≈
≈≈.≈≈≈ ≈....[ ......
........ ...?.
≈≈≈≈.≈≈≈≈≈.≈≈;≈


You could see an electric eel.

Vanquished Creatures
  Grinder (D:5)
  Edmund (D:6)
  A phantom (D:5)
  An ogre (D:5)
  The ghost of Ordine the Insei, an amateur OpMo (D:3)
  3 giant frogs (D:6)
  A crimson imp (D:5)
  An orc wizard (D:4)
  A gnoll shaman (D:4)
  An iguana (D:6)
  3 worker ants
  6 gnolls
  6 adders
  2 oozes (D:1)
  2 adder skeletons (D:4)
  An adder zombie (D:6)
  A worm (D:4)
  3 dart slugs
  4 giant geckos
  6 orcs
  9 bats
  A giant cockroach (D:6)
  10 goblins
  10 hobgoblins
  7 jackals (D:1)
  9 kobolds
  2 quokkas
  A ball python (D:3)
  7 giant newts
  8 rats
110 creatures vanquished.

Notes
Turn   | Place    | Note
--------------------------------------------------------------
     0 | D:1      | Ordine the Octopode Monk began the quest for the Orb.
     0 | D:1      | Reached XP level 1. HP: 16/16 MP: 1/1
    38 | D:1      | Reached XP level 2. HP: 14/21 MP: 2/2
   423 | D:1      | Reached XP level 3. HP: 23/26 MP: 3/3
  1261 | D:2      | Reached XP level 4. HP: 24/31 MP: 4/4
  2230 | D:3      | Noticed Ordine's ghost (amateur OpMo)
  2243 | D:3      | Killed Ordine's ghost
  2243 | D:3      | Reached XP level 5. HP: 27/37 MP: 5/5
  2343 | D:3      | Reached skill level 5 in Stealth
  3120 | D:4      | Found a bloodstained altar of Trog.
  3159 | D:4      | Reached XP level 6. HP: 43/43 MP: 6/6
  3723 | D:5      | Entered Level 5 of the Dungeon
  3809 | D:5      | Noticed a phantom
  3881 | D:5      | Found Muyff's Weapon Emporium.
  3892 | D:5      | Reached skill level 5 in Unarmed Combat
  3982 | D:5      | Reached XP level 7. HP: 19/48 MP: 7/7
  4279 | D:5      | Noticed Grinder
  4284 | D:5      | Killed Grinder
  4498 | D:6      | Reached skill level 5 in Dodging
  4498 | D:6      | Reached XP level 8. HP: 54/54 MP: 8/8
  4505 | D:6      | Noticed Edmund
  4513 | D:6      | Killed Edmund
  4659 | D:6      | Reached skill level 5 in Fighting
  4786 | D:6      | Killed from afar by an electric eel

Vault maps used:
D:1:      evilmike_arrival_fibonacci_small, minivault_19,
          hangedman_abyss_or_decor_stabs
D:2:      serial_glass, glass_columns_a, glass_columns_a, first_bread
D:4:      trog_three_pillars_becter
D:5:      serial_shops, shop_fountains, uniq_grinder
D:6:      gup_ossuary_entry_pyramid, kennysheep_boxes, uniq_edmund

Skill      XL: |  1  2  3  4  5  6  7  8 |
---------------+-------------------------+-----
Stealth        | 3 4 5 6 |  6.9
Unarmed Combat | 4 5 6 |  6.8
Fighting       | 4 5 |  5.0
Dodging        | 4 5 |  5.3

Action                   |  1- 3 |  4- 6 |  7- 9 || total
-------------------------+-------+-------+-------++-------
Melee: Unarmed           |    76 |   131 |    76 ||   283
       Tentacles         |     5 |    24 |    19 ||    48
       Constrict         |    16 |    27 |    11 ||    54
       Punch             |     1 |     7 |     3 ||    11
Throw: Stone             |       |     8 |       ||     8
  Use: Scroll            |     6 |     6 |     1 ||    13
       Potion            |       |     3 |     2 ||     5
 Stab: Sleeping          |    13 |    23 |     7 ||    43
       Distracted        |       |     1 |       ||     1
  Eat: Chunk             |     1 |     9 |     2 ||    12
Armor: Skin              |     4 |    10 |     6 ||    20
Dodge: Dodged            |    39 |    54 |    35 ||   128
